 Dungeon Crawl Stone Soup version 0.31-a0-1098-g6898e6545c (webtiles) character file.

Game seed: 13849885251273050634

354 Malachi the Ruffian (level 6, -8/38 HPs)
             Began as an Octopode Shapeshifter on Nov 30, 2023.
             Was an Initiate of Ru.
             Mangled by Blork the orc
             ... wielding a +0 war axe
              (13 damage)
             ... on level 4 of the Dungeon.
             The game lasted 00:04:02 (2761 turns).

Malachi the Ruffian (Octopode Shapeshifter)         Turns: 2761, Time: 00:04:03

Health: -8/38      AC:  1    Str: 15    XL:     6   Next: 62%
Magic:  6/6        EV: 28    Int: 12    God:    Ru [......]
Gold:   204        SH:  0    Dex: 12    Spells: 5/5 levels left

rFire   . .          .
                       - Unarmed
rCold   . . .        (no shield)
rNeg    . . .        (helmet currently unavailable)
rPois   .            h - amulet of the acrobat
rElec   .            g - ring of wizardry
rCorr   .            (no ring)
SInv    .            (no ring)
Will    .....        (no ring)
Stlth   ++           (no ring)
HPRegen 0.26/turn    (no ring)
MPRegen 0.10/turn    (no ring)
                     (no ring)

%: acrobat, wizardry (x1)
@: beast-form, acrobatic
A: beast (slay +1), almost no armour, amphibious, 8 rings, camouflage 1,
gelatinous body 1, (nimble swimmer 1), tentacles
a: Begin Untransformation, Renounce Religion


You were on level 4 of the Dungeon.
You worshipped Ru.
Ru was noncommittal.
You were a hulking beast.
You visited 1 branch of the dungeon, and saw 4 of its levels.

You collected 204 gold pieces.

Inventory:

Hand Weapons
 w - a +2 dagger of venom
Jewellery
 g - a ring of wizardry (left tentacle)
 h - an amulet of the acrobat (around mantle)
Talismans
 b - a beast talisman
 c - a flux talisman
Wands
 y - a wand of iceblast (12)
Scrolls
 e - a scroll of enchant armour {unknown}
 f - a scroll of fog {unknown}
 i - a scroll of amnesia {unknown}
 k - 3 scrolls of teleportation {unknown}
 m - a scroll of immolation {unknown}
 n - a scroll of blinking {unknown}
 r - a scroll of fear {unknown}
 t - 4 scrolls of identify {unknown}
 u - 2 scrolls of revelation {unknown}
Potions
 a - 2 potions of lignification
 d - a potion of resistance {unknown}
 j - a potion of magic {unknown}
 l - 2 potions of mutation {unknown}
 o - 2 potions of curing {unknown}
 p - a potion of degeneration {unknown}
 q - a potion of enlightenment {unknown}
 s - a potion of experience {unknown}
 v - a potion of berserk rage {unknown}
 x - 2 potions of cancellation {unknown}


   Skills:
 - Level 1.0 Fighting
 - Level 2.0 Dodging
 + Level 7.2 Unarmed Combat
 - Level 3.0 Shapeshifting


You had 5 spell levels left.
You didn't know any spells.
Your spell library contained the following spells:

 Spells                   Type           Power      Damage    Failure   Level
 Sandblast                Erth           0%         2d4       13%         1
 Blink                    Tloc           0%         N/A       21%         2
 Lesser Beckoning         Tloc           0%         N/A       21%         2
 Momentum Strike          Conj/Tloc      0%         3d8       21%         2
 Passwall                 Tmut/Erth      0%         N/A       21%         2
 Sublimation of Blood     Necr           0%         N/A       21%         2
 Wereblood                Tmut           0%         N/A       21%         2
 Stone Arrow              Conj/Erth      0%         3d7       36%         3
 Brom's Barrelling Bould  Conj/Erth      0%         2d3       75%         4
 Summon Hydra             Summ           0%         N/A       100%        7


Dungeon Overview and Level Annotations

Branches:
Dungeon (4/15)
 Temple: D:4-7

Altars:
Cheibriados
Fedhas
Ru

Shops:
D:2 (:(

Annotations:
D:4 Blork the orc, Edmund


Innate Abilities, Weirdness & Mutations

You are a hulking beast.
Your limbs bulge with bestial killing power. (Slay +1)
You cannot wear most types of armour.
You are amphibious.
You can wear up to eight rings at the same time.
Your skin changes colour to match your surroundings (Stealth+).
Your rubbery body absorbs attacks. (AC +1, EV +1)
((You are camouflaged when in or above water. (Stealth+)))
You have tentacles for arms and can constrict up to eight enemies at once.


Message History

Edmund attacks as he pursues you! Edmund completely misses you.
Edmund attacks as he pursues you! Edmund barely misses you.
Aiming: Iceblast
Press: ? - help, Shift-Dir - straight line, f - Edmund
Aim: Edmund, wielding a +2 flail of protection and wearing a +0 leather armour (moderately wounded)
The mass of ice explodes!
The iceblast engulfs Edmund.
Edmund is moderately wounded.
The iceblast engulfs the orc!
You kill the orc!
Unknown command.
Edmund says, "People accused me of being a cutpurse!"
Edmund completely misses you. Edmund attacks as he pursues you!
Edmund misses you. Edmund attacks as he pursues you!
Edmund completely misses you.
There is a stone staircase leading up here.
Edmund attacks as he pursues you! Edmund completely misses you.
Edmund attacks as he pursues you!
Edmund hits you with a +2 flail of protection.
Edmund attacks as he pursues you! Edmund misses you.
Edmund attacks as he pursues you! Edmund closely misses you.
Edmund attacks as he pursues you! Edmund barely misses you.
Blork the orc gestures wildly while chanting.
Blork the orc seems to speed up.
Edmund attacks as he pursues you! Edmund completely misses you.
Edmund attacks as he pursues you!
Edmund hits you with a +2 flail of protection!
* * * LOW HITPOINT WARNING * * *
Blork the orc screams, "I'll drink your blood!
Soon!"
Blork the orc hits you with a +0 war axe.
* * * LOW HITPOINT WARNING * * *
Edmund attacks as he pursues you!
Edmund hits you with a +2 flail of protection.
* * * LOW HITPOINT WARNING * * *
Blork the orc completely misses you.
Blork the orc points at you and mumbles some strange words.
The puff of flame misses you. Blork the orc misses you.
Blork the orc attacks as he pursues you!
Blork the orc hits you with a +0 war axe!
You die...

#o#### #....# ####<#
#+# #.# #.# #o# #.#
#o# ##.## #.#
##...##
##.#######.....#####
#....h....#.........
#.....o.#.##..######
#....##.#.##..#
####.##.@o....#
#.####.##.##
#......##.#
#########.#
#.......# #####
#.#####.# ##...##


You could see Edmund, Blork the orc (fast) and an orc wizard.

Vanquished Creatures
  A phantom (D:4)
  A scorpion (D:4)
  A hound (D:2)
  Terence (D:2)
  A gnoll (D:1)
  7 adders
  2 worms (D:2)
  4 dart slugs
  3 orcs
  7 ball pythons
  7 bats
  7 endoplasms
  A giant cockroach (D:2)
  9 goblins
  7 hobgoblins
  7 jackals
  7 kobolds
  4 quokkas
  A frilled lizard (D:3)
  6 rats
84 creatures vanquished.

Notes
Turn   | Place    | Note
-------+----------+-------------------------------------------
     0 | D:1      | Malachi the Octopode Shapeshifter began the quest for the
                  | Orb.
     0 | D:1      | Reached XP level 1. HP: 13/13 MP: 1/1
   134 | D:1      | Reached XP level 2. HP: 18/18 MP: 2/2
   169 | D:1      | Reached skill level 4 in Unarmed Combat
   365 | D:1      | Reached XP level 3. HP: 23/23 MP: 3/3
   986 | D:2      | Noticed Terence
   994 | D:2      | Killed Terence
   995 | D:2      | Reached skill level 5 in Unarmed Combat
   995 | D:2      | Reached XP level 4. HP: 21/28 MP: 4/4
  1035 | D:2      | Found a transporter.
  1035 | D:2      | Found Kaocof's Book Boutique.
  1273 | D:2      | Found Eniunege's Antique Weapon Boutique.
  1352 | D:2      | Reached XP level 5. HP: 33/33 MP: 5/5
  1460 | D:2      | Found Xuxeuwu's Weapon Boutique.
  1515 | D:2      | Found a transporter.
  1976 | D:3      | Found a blossoming altar of Fedhas.
  1979 | D:3      | Reached skill level 6 in Unarmed Combat
  2161 | D:3      | Found a sacrificial altar of Ru.
  2260 | D:3      | Found a snail-covered altar of Cheibriados.
  2305 | D:3      | Became a worshipper of Ru the Awakened
  2466 | D:4      | Noticed a phantom
  2476 | D:4      | Killed a phantom
  2477 | D:4      | Reached XP level 6. HP: 26/38 MP: 6/6
  2582 | D:4      | Reached skill level 7 in Unarmed Combat
  2695 | D:4      | Noticed Edmund
  2699 | D:4      | Noticed Blork the orc
  2761 | D:4      | Mangled by Blork the orc

Illustrated notes

Levels and vault maps discovered:
D:1:      dpeg_arrival_three_smaller_balls, layout_basic
D:2:      layout_loops_ring, serial_shops, shop, nicolae_shop_drivethru,
          nicolae_lakefront_shop, uniq_terence
D:3:      layout_rooms, fedhas_altar_4, lemuel_round_altar, lemuel_round_altar,
          minmay_cupped
D:4:      layout_loops_corners, tgw_kikubaaqudgha,
          nemelex_xobeh_ov_fountains_minmay, minmay_temple_entry_offerings,
          ebering_ghost_sewer_f, uniq_blork_the_orc, uniq_edmund

Skill      XL: |  1  2  3  4  5  6 |
---------------+-------------------+-----
Unarmed Combat | 4 5 6 7 |  7.2
Fighting       | |  1.0
Dodging        | |  2.0
Shapeshifting  | |  3.0

Action                     |  1- 3 |  4- 6 || total
---------------------------+-------+-------++-------
  Melee: Unarmed           |    59 |   104 ||   163
         Constrict         |    17 |    25 ||    42
         Tentacles         |    10 |    18 ||    28
         Punch             |     3 |     7 ||    10
  Evoke: Wand              |       |     1 ||     1
   Stab: Sleeping          |     5 |    11 ||    16
 Armour: Skin              |    21 |    36 ||    57
  Dodge: Dodged            |    39 |    72 ||   111

Table legend: (Time is in decaauts)
 A = Elapsed time spent in this place.
 B = Non-inter-level travel time spent in this place.
 C = Inter-level travel time spent in this place.
 D = Time resting spent in this place.
 E = Time spent auto-exploring this place.
 F = Levels seen in this place.
 G = Mean time per level.
                   A        B        C        D        E       F      G
               +--------+--------+--------+--------+--------+-----+--------+
         Total |   2744 |   2653 |     91 |    150 |   1960 |   4 |  686.0 |
       Dungeon |   2744 |   2653 |     91 |    150 |   1960 |   4 |  686.0 |
               +--------+--------+--------+--------+--------+-----+--------+

Top non-repeatable levels by time:
     D:1: 960 daAuts
     D:3: 680 daAuts
     D:2: 662 daAuts
     D:4: 441 daAuts
